General information
- name: BNet
- type: Ladder team game (AT/RT)
- host: Battle.net
- saver: badboy99999910
map: Highperch
- players: 6
- length: 53:38
- speed: Fast
- version: 1.27 W3XP
- replay type:

» download(279 KB)
Players
team 1 (loser)
Bikfic (
green | 52 APM | 2775 actions | 53:37)
3 Shadow Hunter
2 Healing Wave
1 Serpent Ward
2 Blademaster
1 Mirror Image
1 Critical Strike
» actions
| Assign group hotkey | 27 | |
| Build / train | 96 | |
| Enter build submenu | 21 | |
| Enter hero's abilities submenu | 6 | |
| Give item / drop item | 4 | |
| Remove unit from queue | 8 | |
| Right click | 1981 | |
| Select / deselect | 347 | |
| Select group hotkey | 185 | |
| Use ability | 100 | |
2775 total
» units
| Peon | 22 | |
| Grunt | 11 | |
| Wind Rider | 3 | |
| Troll Batrider | -2 | |
| Razormane Medicine Man | 1 | |
35 total
» upgrades
| Melee Weapons | 3 | |
| Armor | 3 | |
| Spiked Barricades | 2 | |
| Ranged Weapons | 2 | |
| Pillage | 1 | |
| Berserker Strength | 1 | |
| Backpack | 1 | |
| Envenomed Spears | 1 | |
| Liquid Fire | 0 | |
14 total
» buildings
| Orc Burrow | 7 | |
| War Mill | 1 | |
| Barracks | 1 | |
| Altar of Storms | 1 | |
| Voodoo Lounge | 1 | |
| Watch Tower | 4 | |
| Stronghold | 1 | |
| Fortress | 1 | |
| Beastiary | 1 | |
18 total
» build order
00:16 Orc Burrow
00:43 War Mill
01:49 Barracks
02:04 Altar of Storms
02:42 Voodoo Lounge
05:39 Orc Burrow
08:17 Orc Burrow
11:07 Watch Tower
11:44 Watch Tower
11:55 Orc Burrow
12:42 Orc Burrow
14:27 Stronghold
17:47 Watch Tower
17:51 Watch Tower
17:56 Fortress
19:43 Beastiary
23:53 Orc Burrow
25:10 Orc Burrow
» items
| Healing Salve | 1 | |
| Lesser Clarity Potion | 1 | |
| Scroll of Speed | 5 | |
| Periapt of Vitality | 3 | |
| Scroll of Healing | 3 | |
| Scroll of Protection | 2 | |
| Potion of Mana | 4 | |
| Potion of Healing | 2 | |
| Orb of Lightning | 1 | |
22 total
Gekach (
red | 51 APM | 1183 actions | 23:22)
2 Death Knight
1 Death Coil
1 Unholy Aura
2 Lich
1 Frost Nova
1 Frost Armor
1 Dreadlord
1 Sleep
» actions
| Assign group hotkey | 18 | |
| Build / train | 63 | |
| Enter build submenu | 25 | |
| Enter hero's abilities submenu | 6 | |
| Give item / drop item | 5 | |
| Remove unit from queue | 3 | |
| Right click | 591 | |
| Select / deselect | 252 | |
| Select group hotkey | 162 | |
| Use ability | 58 | |
1183 total
» units
| Acolyte | 7 | |
| Ghoul | 5 | |
| Crypt Fiend | 4 | |
| Frost Wyrm | 6 | |
| Necromancer | 4 | |
| Obsidian Statue | 2 | |
28 total
» upgrades
| Creature Carapace | 2 | |
| Creature Attack | 3 | |
| Necromancer Training | 2 | |
| Destroyer Form | 1 | |
| Freezing Breath | 1 | |
| Web | 1 | |
10 total
» buildings
| Graveyard | 1 | |
| Crypt | 1 | |
| Altar of Darkness | 2 | |
| Ziggurat | 12 | |
| Tomb of Relics | 1 | |
| Halls of the Dead | 1 | |
| Necropolis | 1 | |
| Black Citadel | 1 | |
| Nerubian Tower | 1 | |
| Spirit Tower | 1 | |
| Sacrificial Pit | 1 | |
| Boneyard | 3 | |
| Slaughterhouse | 1 | |
| Temple of the Damned | 1 | |
28 total
» build order
00:14 Graveyard
00:18 Crypt
00:26 Altar of Darkness
00:31 Ziggurat
00:57 Altar of Darkness
02:11 Tomb of Relics
02:16 Ziggurat
04:58 Halls of the Dead
05:23 Ziggurat
05:24 Ziggurat
05:26 Ziggurat
05:27 Ziggurat
08:20 Necropolis
09:00 Black Citadel
09:37 Ziggurat
09:39 Ziggurat
09:41 Ziggurat
09:43 Ziggurat
09:44 Ziggurat
09:47 Ziggurat
10:53 Nerubian Tower
10:55 Spirit Tower
11:27 Sacrificial Pit
12:18 Boneyard
12:30 Boneyard
13:05 Boneyard
13:24 Slaughterhouse
13:28 Temple of the Damned
» items
| Rod of Necromancy | 1 | |
| Dust of Appearance | 2 | |
| Sacrificial Skull | 1 | |
| Orb of Corruption | 2 | |
| Potion of Mana | 1 | |
| Potion of Healing | 1 | |
| Boots of Speed | 1 | |
| Periapt of Vitality | 1 | |
10 total
HiMyNaMeIs (
blue | 27 APM | 1424 actions | 53:37)
4 Blood Mage
2 Siphon Mana
2 Flame Strike
1 Paladin
1 Holy Light
1 Mountain King
1 Storm Bolt
2 Death Knight
1 Death Coil
1 Unholy Aura
» actions
| Assign group hotkey | 62 | |
| Basic commands | 53 | |
| Build / train | 85 | |
| Enter build submenu | 28 | |
| Enter hero's abilities submenu | 8 | |
| Give item / drop item | 1 | |
| Remove unit from queue | 2 | |
| Right click | 492 | |
| Select / deselect | 458 | |
| Select group hotkey | 152 | |
| Use ability | 83 | |
1424 total
» units
| Peasant | 13 | |
| Footman | 7 | |
| Siege Engine | 16 | |
| Knight | 4 | |
| Frost Wyrm | 4 | |
44 total
» upgrades
| Defend | 2 | |
| Lumber Harvesting | 2 | |
| Gunpowder | 3 | |
| Plating | 3 | |
| Barrage | 1 | |
| Armor | 0 | |
| Swords | 1 | |
| Animal War Training | 1 | |
| Creature Carapace | 1 | |
14 total
» buildings
| Altar of Kings | 1 | |
| Farm | 17 | |
| Barracks | 2 | |
| Keep | 1 | |
| Lumber Mill | 1 | |
| Castle | 1 | |
| Town Hall | 2 | |
| Blacksmith | 1 | |
| Workshop | 3 | |
| Arcane Vault | 1 | |
| Nerubian Tower | 1 | |
| Ziggurat | 3 | |
34 total
» build order
00:26 Altar of Kings
00:52 Farm
01:19 Barracks
01:19 Barracks
01:36 Farm
02:02 Farm
02:46 Farm
04:03 Keep
05:19 Farm
06:02 Farm
06:20 Lumber Mill
07:08 Castle
07:19 Town Hall
08:38 Blacksmith
10:15 Workshop
10:22 Workshop
10:46 Workshop
12:51 Farm
12:52 Farm
12:54 Farm
12:55 Farm
13:27 Farm
13:29 Farm
13:29 Farm
15:13 Farm
15:14 Farm
15:14 Farm
18:41 Arcane Vault
31:08 Nerubian Tower
31:11 Ziggurat
31:12 Ziggurat
31:14 Ziggurat
48:14 Town Hall
48:19 Farm
» items
| Scroll of Town Portal | 2 | |
| Scroll of Regeneration | 2 | |
| Lesser Clarity Potion | 2 | |
6 total
team 2 (winner)
badboy99999910 (
pink | 81 APM | 4354 actions | 53:37)
5 Blademaster
2 Wind Walk
3 Critical Strike
3 Tauren Chieftain
2 Shockwave
1 Endurance Aura
» actions
| Assign group hotkey | 15 | |
| Basic commands | 64 | |
| Build / train | 93 | |
| Enter build submenu | 37 | |
| Enter hero's abilities submenu | 8 | |
| Give item / drop item | 6 | |
| Remove unit from queue | 4 | |
| Right click | 3116 | |
| Select / deselect | 592 | |
| Select group hotkey | 232 | |
| Use ability | 187 | |
4354 total
» units
| Peon | 9 | |
| Troll Batrider | 17 | |
| Wind Rider | 6 | |
32 total
» upgrades
| Ranged Weapons | 3 | |
| Armor | 3 | |
| Reinforced Defenses | 1 | |
| Liquid Fire | 1 | |
| Envenomed Spears | 1 | |
| Troll Regeneration | 1 | |
| Spiked Barricades | 1 | |
| War Drums Damage Increase | 1 | |
| Ensnare | 1 | |
13 total
» buildings
| Altar of Storms | 2 | |
| Orc Burrow | 10 | |
| War Mill | 1 | |
| Watch Tower | 18 | |
| Voodoo Lounge | 2 | |
| Stronghold | 1 | |
| Beastiary | 2 | |
| Fortress | 4 | |
| Barracks | 1 | |
41 total
» build order
00:06 Altar of Storms
00:13 Altar of Storms
00:19 Orc Burrow
00:38 War Mill
01:53 Watch Tower
02:07 Watch Tower
02:41 Watch Tower
02:45 Watch Tower
03:35 Voodoo Lounge
03:37 Voodoo Lounge
03:39 Stronghold
04:17 Watch Tower
04:18 Watch Tower
04:45 Orc Burrow
04:55 Watch Tower
04:56 Watch Tower
05:30 Watch Tower
05:31 Watch Tower
05:37 Watch Tower
06:09 Beastiary
06:53 Watch Tower
06:54 Watch Tower
07:19 Beastiary
07:22 Orc Burrow
08:15 Fortress
08:15 Fortress
08:16 Fortress
08:20 Orc Burrow
13:55 Barracks
16:35 Orc Burrow
16:37 Orc Burrow
16:38 Orc Burrow
20:14 Orc Burrow
20:15 Orc Burrow
25:12 Watch Tower
25:13 Watch Tower
25:14 Watch Tower
25:16 Watch Tower
25:18 Watch Tower
27:28 Orc Burrow
» items
| Healing Salve | 2 | |
| Lesser Clarity Potion | 3 | |
| Staff of Teleportation | 6 | |
| Boots of Speed | 3 | |
| Orb of Lightning | 2 | |
| Scroll of Town Portal | 2 | |
| Mechanical Critter | 4 | |
| Staff of Sanctuary | 1 | |
23 total
BrianFrostfel (
teal | 60 APM | 3192 actions | 53:37)
4 Warden
2 Shadow Strike
2 Blink
2 Pandaren Brewmaster
1 Breath of Fire
1 Drunken Haze
» actions
| Assign group hotkey | 91 | |
| Basic commands | 52 | |
| Build / train | 109 | |
| ESC pressed | 2 | |
| Enter build submenu | 18 | |
| Enter hero's abilities submenu | 6 | |
| Give item / drop item | 9 | |
| Remove unit from queue | 3 | |
| Right click | 1705 | |
| Select / deselect | 754 | |
| Select group hotkey | 286 | |
| Use ability | 156 | |
3192 total
» units
| Wisp | 36 | |
| Druid of the Talon | 15 | |
51 total
» upgrades
| Ultravision | 1 | |
| Well Spring | 1 | |
| Strength of the Wild | 3 | |
| Reinforced Hides | 3 | |
| Druid of the Talon Training | 2 | |
| Mark of the Talon | 1 | |
| Nature's Blessing | 1 | |
12 total
» buildings
| Altar of Elders | 1 | |
| Moon Well | 9 | |
| Ancient of Wonders | 1 | |
| Hunter's Hall | 1 | |
| Tree of Ages | 6 | |
| Tree of Life | 1 | |
| Tree of Eternity | 2 | |
| Ancient of Wind | 2 | |
23 total
» build order
00:30 Altar of Elders
00:32 Moon Well
00:34 Moon Well
01:37 Moon Well
04:22 Ancient of Wonders
05:09 Hunter's Hall
06:37 Tree of Ages
06:38 Tree of Ages
06:38 Tree of Ages
06:57 Moon Well
06:58 Moon Well
08:06 Moon Well
08:11 Moon Well
08:12 Moon Well
08:16 Moon Well
09:10 Tree of Life
09:43 Tree of Eternity
09:43 Tree of Eternity
14:39 Ancient of Wind
14:41 Ancient of Wind
» items
| Boots of Speed | 2 | |
| Lesser Clarity Potion | 3 | |
| Healing Salve | 3 | |
| Circlet of Nobility | 2 | |
| Orb of Lightning | 1 | |
| Staff of Preservation | 1 | |
| Orb of Venom | 1 | |
| Scroll of Town Portal | 1 | |
| Staff of Teleportation | 1 | |
| Staff of Sanctuary | 1 | |
| Tiny Great Hall | 1 | |
17 total
staffandlaugh78 (
orange | 83 APM | 4464 actions | 53:37)
5 Archmage
3 Blizzard
2 Brilliance Aura
4 Paladin
2 Holy Light
1 Divine Shield
1 Devotion Aura
4 Mountain King
2 Storm Bolt
2 Bash
» actions
| Assign group hotkey | 37 | |
| Basic commands | 161 | |
| Build / train | 148 | |
| ESC pressed | 7 | |
| Enter build submenu | 76 | |
| Enter hero's abilities submenu | 14 | |
| Give item / drop item | 10 | |
| Right click | 1405 | |
| Select / deselect | 460 | |
| Select group hotkey | 1750 | |
| Use ability | 396 | |
4464 total
» units
| Peasant | 10 | |
| Dragonhawk Rider | 19 | |
| Sorceress | 4 | |
| Priest | 4 | |
37 total
» upgrades
| Masonry | 3 | |
| Magic Sentry | 1 | |
| Armor | 3 | |
| Sorceress Training | 2 | |
| Priest Training | 2 | |
| Animal War Training | 1 | |
| Cloud | 1 | |
| Swords | 3 | |
| Control Magic | 1 | |
17 total
» buildings
| Lumber Mill | 2 | |
| Farm | 21 | |
| Altar of Kings | 2 | |
| Scout Tower | 129 | |
| Arcane Tower | 11 | |
| Guard Tower | 46 | |
| Town Hall | 1 | |
| Keep | 3 | |
| Arcane Sanctum | 1 | |
| Blacksmith | 1 | |
| Castle | 1 | |
| Barracks | 1 | |
| Gryphon Aviary | 2 | |
| Arcane Vault | 2 | |
223 total
» build order
00:21 Lumber Mill
00:35 Farm
00:40 Altar of Kings
00:56 Scout Tower
01:35 Scout Tower
01:36 Arcane Tower
01:38 Scout Tower
01:51 Scout Tower
02:01 Arcane Tower
02:01 Arcane Tower
02:11 Farm
02:15 Guard Tower
02:17 Scout Tower
02:25 Scout Tower
02:27 Guard Tower
02:40 Scout Tower
02:47 Guard Tower
02:48 Scout Tower
02:52 Scout Tower
02:55 Guard Tower
02:57 Scout Tower
02:58 Scout Tower
03:22 Guard Tower
03:52 Guard Tower
03:54 Scout Tower
03:55 Scout Tower
03:55 Scout Tower
03:58 Scout Tower
03:59 Scout Tower
04:28 Town Hall
04:34 Guard Tower
04:36 Scout Tower
04:36 Scout Tower
04:37 Scout Tower
04:55 Scout Tower
04:56 Scout Tower
04:57 Guard Tower
05:06 Guard Tower
05:21 Guard Tower
05:22 Scout Tower
05:23 Scout Tower
05:24 Scout Tower
05:34 Guard Tower
06:06 Guard Tower
06:08 Scout Tower
06:08 Scout Tower
06:09 Scout Tower
06:10 Scout Tower
06:10 Scout Tower
06:12 Guard Tower
06:15 Scout Tower
06:16 Scout Tower
06:16 Scout Tower
06:17 Scout Tower
06:24 Keep
06:24 Keep
06:24 Keep
06:26 Guard Tower
06:27 Scout Tower
07:04 Guard Tower
07:06 Scout Tower
07:10 Scout Tower
07:11 Scout Tower
07:13 Guard Tower
07:41 Guard Tower
07:57 Guard Tower
08:03 Scout Tower
08:04 Scout Tower
08:05 Scout Tower
08:06 Scout Tower
08:07 Scout Tower
08:10 Guard Tower
08:39 Guard Tower
08:41 Scout Tower
08:41 Scout Tower
08:42 Scout Tower
08:42 Scout Tower
09:14 Arcane Sanctum
09:17 Blacksmith
09:20 Guard Tower
09:29 Guard Tower
09:29 Guard Tower
09:57 Castle
10:30 Guard Tower
11:06 Guard Tower
11:10 Scout Tower
11:11 Scout Tower
11:12 Scout Tower
11:13 Scout Tower
11:14 Scout Tower
11:16 Guard Tower
11:57 Guard Tower
12:04 Barracks
12:07 Gryphon Aviary
12:50 Arcane Vault
13:44 Guard Tower
13:48 Scout Tower
13:48 Scout Tower
13:49 Scout Tower
13:49 Scout Tower
13:50 Scout Tower
13:50 Scout Tower
13:51 Scout Tower
13:52 Scout Tower
15:58 Farm
15:59 Farm
15:59 Farm
16:00 Farm
16:01 Farm
16:02 Farm
16:02 Farm
16:03 Farm
16:03 Farm
16:04 Farm
16:05 Farm
16:05 Farm
16:06 Farm
16:06 Farm
17:27 Farm
17:29 Farm
17:30 Farm
17:31 Farm
17:31 Farm
17:35 Guard Tower
27:37 Scout Tower
27:39 Scout Tower
27:40 Scout Tower
27:42 Scout Tower
27:44 Scout Tower
27:45 Scout Tower
27:47 Scout Tower
27:48 Scout Tower
27:49 Scout Tower
27:51 Scout Tower
27:51 Scout Tower
27:53 Scout Tower
27:54 Scout Tower
27:58 Scout Tower
27:58 Scout Tower
28:00 Scout Tower
28:00 Scout Tower
28:03 Scout Tower
28:05 Scout Tower
28:07 Scout Tower
28:13 Scout Tower
28:17 Scout Tower
28:17 Scout Tower
28:19 Scout Tower
28:20 Scout Tower
28:21 Scout Tower
29:06 Guard Tower
29:13 Gryphon Aviary
29:51 Altar of Kings
29:54 Scout Tower
29:55 Scout Tower
29:57 Scout Tower
29:57 Scout Tower
30:00 Scout Tower
30:02 Scout Tower
30:03 Scout Tower
30:06 Guard Tower
30:09 Guard Tower
30:16 Scout Tower
30:17 Scout Tower
30:58 Arcane Vault
31:10 Guard Tower
31:12 Scout Tower
31:14 Scout Tower
32:05 Guard Tower
32:09 Scout Tower
32:11 Scout Tower
32:14 Scout Tower
32:15 Scout Tower
32:16 Scout Tower
32:18 Scout Tower
32:20 Scout Tower
32:21 Scout Tower
32:23 Scout Tower
32:25 Scout Tower
32:55 Scout Tower
32:56 Scout Tower
32:58 Scout Tower
33:01 Scout Tower
33:02 Scout Tower
33:03 Scout Tower
33:06 Scout Tower
33:07 Scout Tower
33:10 Scout Tower
33:11 Scout Tower
33:35 Lumber Mill
33:41 Arcane Tower
33:52 Arcane Tower
34:35 Scout Tower
34:36 Scout Tower
34:38 Scout Tower
34:42 Scout Tower
34:44 Scout Tower
34:45 Arcane Tower
34:46 Arcane Tower
35:14 Arcane Tower
35:35 Guard Tower
35:35 Guard Tower
35:36 Guard Tower
36:43 Scout Tower
36:52 Guard Tower
37:09 Guard Tower
37:23 Arcane Tower
37:28 Scout Tower
37:31 Scout Tower
37:31 Scout Tower
37:50 Scout Tower
37:52 Scout Tower
37:53 Scout Tower
37:58 Scout Tower
38:01 Guard Tower
38:01 Arcane Tower
38:28 Arcane Tower
38:38 Guard Tower
38:59 Guard Tower
39:18 Guard Tower
40:49 Guard Tower
» items
| Staff of Teleportation | 3 | |
| Boots of Speed | 2 | |
| Healing Salve | 1 | |
| Orb of Lightning | 4 | |
| Staff of Sanctuary | 3 | |
| Scroll of Town Portal | 1 | |
14 total
Chat log
(00:04 / All) badboy99999910: 1 sec
(00:06 / All) badboy99999910: go when ready
(00:14 / All) HiMyNaMeIs: thot u were drop hackers ^^
(00:16 / All) badboy99999910: long searches v______v
(00:25 / All) staffandlaugh78: my friend he order a big pizza
(00:32 / All) HiMyNaMeIs: he gonna share?
(00:35 / All) badboy99999910: takes a long time to bring it in from car
(00:38 / All) staffandlaugh78: if u like ;]
(00:39 / All) badboy99999910: winches and stuff
(01:07 / All) HiMyNaMeIs: my friend works at pizza guys
(01:13 / All) HiMyNaMeIs: so i trade weed for pizza xD
(01:19 / All) badboy99999910: ahahahahahah
(01:26 / All) staffandlaugh78: XD OK!
(01:59 / All) HiMyNaMeIs: gl hf
(02:01 / All) badboy99999910: GL
(21:45 / All) badboy99999910: hey guys
(21:47 / All) BrianFrostfel: hey
(21:51 / All) badboy99999910: just remember don't suicide into towers
(22:45 / All) HiMyNaMeIs: what u say?
(22:58 / All) badboy99999910: dont suicide into tanks
(23:00 / All) badboy99999910: tower*
(23:02 / All) badboy99999910: lol
(23:25 / All) badboy99999910: lmao
(23:26 / All) badboy99999910: guys are you noobs?
(23:28 / All) badboy99999910: quick are you a noob?
(23:29 / All) staffandlaugh78: are u new to this game
(23:51 / All) staffandlaugh78: HiMyNameIsShane
(23:56 / All) HiMyNaMeIs: what your first win?
(24:01 / All) staffandlaugh78: yeah :p
(24:04 / All) HiMyNaMeIs: i own u in cube
(24:08 / All) badboy99999910: ok
(24:11 / All) staffandlaugh78: u wanna fight me in a cube
(24:13 / All) staffandlaugh78: u little btich
(24:14 / All) HiMyNaMeIs: i invented that shbit on RoC back in the day
(24:20 / All) badboy99999910: whats your main acc\ name
(24:21 / All) staffandlaugh78: yea u're a shitbit
(24:27 / All) HiMyNaMeIs: whatyousay
(24:32 / All) badboy99999910: never heard of sorry
(24:33 / All) HiMyNaMeIs: from 5 years ago
(24:40 / All) staffandlaugh78: fuck u i kill u with workers u dumb bitch
(24:42 / All) HiMyNaMeIs: nvr heard of u either
(24:45 / All) staffandlaugh78: u think u're strong because you have footmans
(24:46 / All) badboy99999910: BEAR_AND?
(24:47 / All) HiMyNaMeIs: so noobs beat noobs
(26:14 / All) badboy99999910: get ready to go again
(26:18 / All) badboy99999910: own my cube ass
(27:13 / All) badboy99999910: cya
(27:15 / All) badboy99999910: noob
(28:23 / All) BrianFrostfel: shit
(28:29 / All) BrianFrostfel: if we had more gold we could build towers
(28:32 / All) HiMyNaMeIs: idk what hes doing xD
(30:13 / All) badboy99999910: whats the name of thismap again?
(31:21 / All) staffandlaugh78: fuck u idiots
(31:32 / All) staffandlaugh78: think ure good cause u make cold dragon
(31:37 / All) badboy99999910: FUCK to bone dragon
(32:33 / All) staffandlaugh78: FUCK U
(32:37 / All) badboy99999910: sorry 1 sec
(32:37 / All) staffandlaugh78: FUCK U
(32:39 / All) staffandlaugh78: FUCK U
(32:40 / All) staffandlaugh78: FUCK U
(32:47 / All) badboy99999910: FUCK U!!!!!!!!!!!!!!!!!!!!!!!!!!!!!!!!!!!!!!!!!!!!!!!!!!!!!!!!!!!!!!!!!!!!!!!!!!!!!!!!!!!!!!!!!!!!!!!!!!!!!!!!!!!!!!!!!!!!!!!!!
(32:47 / All) staffandlaugh78: fuck u idiots bitch
(32:48 / All) badboy99999910: had to type that ok resume
(32:50 / All) badboy99999910: d
(32:50 / All) badboy99999910: d
(32:51 / All) badboy99999910: d
(34:00 / All) staffandlaugh78: fuck to ALL idiots!
(34:05 / All) badboy99999910: fuk u
(34:06 / All) badboy99999910: fuk u
(34:07 / All) badboy99999910: fuk u
(34:08 / All) badboy99999910: fuk u
(34:09 / All) badboy99999910: fuk u
(34:09 / All) staffandlaugh78: all morons get FUCKED!
(34:10 / All) badboy99999910: fuk u
(34:11 / All) badboy99999910: fuk u
(34:12 / All) badboy99999910: fuk u
(34:13 / All) badboy99999910: fuk u
(34:14 / All) badboy99999910: fuk u
(34:17 / All) HiMyNaMeIs: fuk u
(34:18 / All) badboy99999910: cube mther focker
(34:28 / All) staffandlaugh78: fuck u fuck u FUCK U!
(34:56 / All) staffandlaugh78: fuck u idiot morons fuck fuck fuck
(35:09 / All) staffandlaugh78: fucking idiots
(35:23 / All) badboy99999910: buildingsafe 9999
(35:31 / All) badboy99999910: buildingsafe 99999999
(35:32 / All) BrianFrostfel: greedisgood 9999
(35:46 / All) badboy99999910: buildingsafe 999999999999999
(35:51 / All) badboy99999910: good lukc killing us now
(35:59 / All) BrianFrostfel: idiot bad players need units to win
(36:03 / All) BrianFrostfel: WOW lame. anyone can just build units
(36:06 / All) BrianFrostfel: get s0me sk1ll
(36:11 / All) badboy99999910: fight me 1v1
(36:16 / All) badboy99999910: in an online battle
(36:16 / All) BrianFrostfel: NO
(36:17 / All) BrianFrostfel: NO
(36:22 / All) BrianFrostfel: MANUEL
(36:27 / All) BrianFrostfel: U HAVE BEEN LOCATED
(36:28 / All) badboy99999910: battle me in an online realm to death
(36:36 / All) staffandlaugh78: fuck u idiots
(36:48 / All) HiMyNaMeIs: iseedeadpeople
(37:14 / All) staffandlaugh78: fuck to every moron on EARTH!
(37:27 / All) badboy99999910: battle my ass in hell
(37:43 / All) staffandlaugh78: fucking all U MORONS!
(37:50 / All) badboy99999910: welcome to highperch =-)
(38:12 / All) staffandlaugh78: fuck to a every all idiot!
(38:55 / All) badboy99999910: u cant come up here
(38:55 / All) staffandlaugh78: all idiots ARE MORON!
(39:06 / All) badboy99999910: KISS!!!! MY!!!!! PISS!!!!!!!
(39:42 / All) badboy99999910: gold me
(41:46 / All) staffandlaugh78: what u gonna do with all them tanks
(41:50 / All) staffandlaugh78: all them tanks inside your base
(42:12 / All) HiMyNaMeIs: brb
(42:16 / All) staffandlaugh78: ok.
(42:18 / All) BrianFrostfel: u will stay
(42:19 / All) BrianFrostfel: and u wil play
(43:40 / All) staffandlaugh78: fuck all of a u idiots!
(46:42 / All) staffandlaugh78: u ,moron!
(49:21 / All) BrianFrostfel: btw yall suck
(49:30 / All) badboy99999910: https://highpe.rch/ join the owned list
(49:42 / All) BrianFrostfel: ur not the first. and u certinly wont be the last. LOL
(50:11 / All) badboy99999910: bad babies............................aka noobs
(53:07 / All) Bikfic: southwest
(53:11 / All) badboy99999910: thx
(53:16 / All) staffandlaugh78: fuck all IDIOTS!
(53:20 / All) BrianFrostfel: congrats on being owned once again